Unix NetHack Version 3.7.0-95 Work-in-progress - last build Jan 1 2024 20:51:50 (6a0ccc5fa2390e420dd2d488a2f9488d2ae3a63b,branch:master). Game began 2024-01-11 18:37:49, ended 2024-01-13 13:04:51. spontiff, neutral male gnomish Healer --- ---.----- |.......-- ---- ------ --- |.>......---..--------....---- |.-- |............................- --.--- | --.--...........--------..-- ---..<| .-- -------.........--- --.| -.---.........-- -..---@.....| |.--|..............- |..%| |......| |..|---..--.----....... --.----..d.--- --..-----.---| --........... ..- |.....| ---....|.|.....| ...........| .. |-^..-| |...........-- - ..........- ... --.....-- |..........-- .........- -...-|.......| |.........-| ...-- .... ....||...-..-- --.......).| ..| -- -- -----|......-- |........-- -- |.......| |...).---- ---.....| --.---- ------- --- Spontiff the Rhizotomist St:7 Dx:10 Co:14 In:12 Wi:16 Ch:16 Neutral S:169 Dlvl:3 $:1707 HP:0(13) Pw:3(6) AC:7 Xp:1/0 T:852 Latest messages: The dog picks up a blue gem. You see here a shrieker corpse. There is a shrieker corpse here; eat it? [ynq] (n) y This shrieker corpse tastes terrible! You finish eating the shrieker corpse. What do you want to use or apply? [ekpsvzBS or ?*] s In what direction? j Status of the dog (neutral, medium): Level 4 HP 21(25) AC 5, tame. In what direction? j The dog looks better. What do you want to use or apply? [ekpsvzBS or ?*] s In what direction? . Status of spontiff (fervently neutral): Level 1 HP 13(13) AC 7. A bear trap closes on your foot! You are caught in a bear trap. You are caught in a bear trap. You are caught in a bear trap. You are caught in a bear trap. You are caught in a bear trap. You are caught in a bear trap. You finally wriggle free. Your leg feels better. The dog drops a blue gem. You see here 2 green gems. j - 2 green gems. What do you want to write with? [- aeijtKS or ?*] j You write in the dust with 2 green gems. What do you want to write in the dust here? Never mind. What do you want to call? [eh-jmotvzAB or ?*] j Call a green gem: g1 You see here a blue gem. l - a blue gem. What do you want to write with? [- aeijltKS or ?*] l You engrave in the floor with a blue gem. What do you want to engrave in the floor here? Never mind. What do you want to call? [eh-jlmotvzAB or ?*] l Call a blue gem: U1 What do you want to adjust? [ac-eg-pstvwyzA-CKS or ?*] l Adjust letter to what [bflqruxD-JL-RT-Z] (? see used letters)? E Moving: E - a gem called U1. The dog bites the gas spore. The gas spore is killed! Boom! The dog is caught in the gas spore's explosion! You are caught in the gas spore's explosion! It is fatal. Do you want your possessions identified? [ynq] (y) y Do you want to see the dungeon overview? [ynq] (y) q Inventory: Coins $ - 1707 gold pieces Weapons K - a blessed +1 orcish dagger (alternate weapon; not wielded) a - an uncursed +0 scalpel Armor h - an uncursed +0 orcish helm (being worn) g - an uncursed +1 pair of leather gloves (being worn) Comestibles w - a cursed berried treasure y - 7 uncursed apples n - 2 uncursed food rations Scrolls A - a blessed scroll of enchant armor o - an uncursed scroll of enchant weapon m - an uncursed scroll of food detection Spellbooks v - an uncursed spellbook of confuse monster p - an uncursed spellbook of healing Potions C - 4 uncursed potions of extra healing c - 2 blessed potions of healing d - 2 uncursed potions of healing Wands S - an uncursed wand of sleep (0:4) e - an uncursed wand of teleportation (0:4) Tools z - an empty cursed sack B - an empty cursed sack k - an uncursed credit card s - an uncursed stethoscope Gems/Stones E - an uncursed aquamarine stone i - 2 uncursed citrine stones j - 2 uncursed worthless pieces of green glass t - 2 cursed worthless pieces of violet glass Spontiff the Healer's attributes: Background: You were a Rhizotomist, a level 1 male gnomish Healer. You were neutral, on a mission for Hermes who was opposed by Athena (lawful) and Poseidon (chaotic). You were right-handed. You were in the Gnomish Mines, on level 3. You entered the dungeon 852 turns ago. There was a new moon in effect when your adventure ended. You had 0 experience points, 20 were needed to attain level 2. Your score was 169 before end-of-game adjustments. Basics: You had 0 out of 13 hit points. You had 3 out of 6 energy points (spell power). Your armor class was 7. Your wallet contained 1707 zorkmids. Autopickup was on for '$!/="?' plus thrown, with exceptions. Final Characteristics: Your strength was 7 (limit:18/50). Your dexterity was 10 (limit:18). Your constitution was 14 (limit:18). Your intelligence was 12 (limit:19). Your wisdom was 16 (limit:18). Your charisma was 16 (limit:18). Final Status: You weren't hungry. You were unencumbered. You were empty handed. You were unskilled in bare handed combat. Final Attributes: You were fervently aligned. You were poison resistant. You had infravision. You are dead. Miscellaneous: You never encountered a bones level. Total elapsed playing time was 12 minutes and 34 seconds. Major events: Turn 1: spontiff the neutral male gnomish Healer entered the dungeon 163: found Snickersnee on the floor 687: entered the Gnomish Mines 852: killed by a gas spore's explosion Vanquished creatures: a shrieker an acid blob a gas spore a gnome 2 jackals a kobold 2 goblins a sewer rat a lichen a kobold zombie 6 newts 18 creatures vanquished. No species were genocided or became extinct. Voluntary challenges: You never hit with a wielded weapon. You were a pacifist. You read items or engraved 1 time. You never engraved Elbereth. You never genocided any monsters. You never polymorphed an object. You never changed form. You used no wishes. Achievement: You entered the Gnomish Mines. The Dungeons of Doom: levels 1 to 3 Level 1: A fountain. Level 2: "Snickersnee here" A fountain. Stairs down to The Gnomish Mines. Level 3: The Gnomish Mines: levels 3 to 4 Level 3: <- You were here. Final resting place for you, killed by a gas spore's explosion. Level 4: Game over: ---------- / \ / REST \ / IN \ / PEACE \ / \ | spontiff | | 1707 Au | | killed by a gas | | spore's | | explosion | | | | 2024 | *| * * * | * _________)/\\_//(\/(/\)/\//\/|_)_______ Goodbye spontiff the Healer... You died in The Gnomish Mines on dungeon level 3 with 168 points, and 1707 pieces of gold, after 852 moves. You were level 1 with a maximum of 13 hit points when you died.